 Dungeon Crawl Stone Soup version 0.22-a0-283-g1871b15 (webtiles) character file.

4228 b5mith the Basher (level 10, -3/90 HPs)
             Began as a Minotaur Berserker on Mar 18, 2018.
             Was an Elder of Trog.
             Slain by a two-headed ogre
             ... wielding a +0 giant club
              (12 damage)
             ... on level 8 of the Dungeon.
             The game lasted 00:17:48 (6915 turns).

b5mith the Basher (Minotaur Berserker)              Turns: 6915, Time: 00:17:50

Health: -3/90      AC:  9    Str: 25    XL:     10   Next: 9%
Magic:  9/9        EV: 15    Int:  2    God:    Trog [****..]
Gold:   343        SH:  0    Dex: 10    Spells: 9/9 levels left

rFire    . . .     SeeInvis .   s - +2 flail (holy)
rCold    . . .     Gourm    .   (no shield)
rNeg     + . .     Faith    .   E - +0 steam dragon scales
rPois    .         Spirit   .   (helmet restricted)
rElec    +         Reflect  .   (no cloak)
rCorr    +         Harm     .   A - +1 pair of gloves of the Valley {rElec rN+ MR+ Int-2}
MR       +....                  (no boots)
Stlth    +.........             (no amulet)
HPRegen  0.25/turn              g - ring of flight
MPRegen  0.11/turn              H - ring of resist corrosion

@: no status effects
A: retaliatory headbutt, horns 2
a: Berserk, Trog's Hand, Brothers in Arms, Renounce Religion, Evoke Flight


You were on level 8 of the Dungeon.
You worshipped Trog.
Trog was greatly pleased with you.
You were hungry.

You visited 1 branch of the dungeon, and saw 8 of its levels.

You collected 343 gold pieces.

Inventory:

Hand Weapons
 a - a +0 falchion
 s - a +2 flail of holy wrath (weapon)
 L - a +0 scimitar of flaming
Missiles
 t - 3 tomahawks (quivered)
 y - 7 javelins
Armour
 b - a +0 animal skin
 w - a +0 ring mail
 A - the +1 pair of gloves of the Valley (worn) {rElec rN+ MR+ Int-2}
   (You found it on level 5 of the Dungeon)

   It affects your intelligence (-2).
   It insulates you from electricity.
   It protects you from negative energy.
   It affects your resistance to hostile enchantments.
 E - +0 steam dragon scales (worn)
Jewellery
 g - a ring of flight (left hand)
 F - an uncursed ring of magical power
 H - a ring of resist corrosion (right hand)
Wands
 I - a wand of random effects (20)
 K - a wand of scattershot (7)
Scrolls
 f - a scroll of fear {unknown}
 i - 3 scrolls of blinking
 l - 4 scrolls of enchant weapon
 m - 4 scrolls of teleportation
 p - 8 scrolls of remove curse {@r2}
 u - a scroll of amnesia {unknown}
 v - a scroll of immolation {unknown}
 B - 5 scrolls of identify {@r1}
 C - a scroll of fog {unknown}
 D - a scroll of magic mapping {unknown}
Potions
 d - a potion of agility {unknown}
 h - 2 potions of mutation {unknown}
 j - 3 potions of degeneration
 k - 4 potions of curing {@q1}
 n - 2 potions of flight {unknown}
 o - 2 potions of magic {unknown}
 q - 2 potions of lignification {unknown}
 r - a potion of ambrosia {unknown}
 x - a potion of resistance {unknown}
 z - a potion of cancellation {unknown}
 G - a potion of haste {unknown}
Comestibles
 c - 16 rations


   Skills:
 + Level 8.7 Fighting
 - Level 4.6 Long Blades
 * Level 10.3 Maces & Flails
 + Level 8.3 Armour
 + Level 7.5 Dodging


You had 9 spell levels left.
You didn't know any spells.

Dungeon Overview and Level Annotations

Branches:
Dungeon (8/15)             Temple (0/1) D:6
   Lair: D:8-11

Altars:
Elyvilon
Fedhas
Gozag
Nemelex Xobeh
Sif Muna
Trog
Uskayaw
Vehumet
Xom

Shops:
D:4 ?

Annotations:
D:8 Maurice


Innate Abilities, Weirdness & Mutations

You reflexively headbutt those who attack you in melee.
You have a pair of horns on your head.


Message History

The two-headed ogre is almost dead.
The two-headed ogre hits you with a giant club!!
* * * LOW HITPOINT WARNING * * *
The two-headed ogre hits you with a giant club!!
* * * LOW HITPOINT WARNING * * *
You hit the two-headed ogre.
You headbutt the two-headed ogre, but do no damage.
The two-headed ogre is almost dead.
The two-headed ogre misses you.
The two-headed ogre hits you with a giant club.
* * * LOW HITPOINT WARNING * * *
Throwing (i - inventory. (/) - cycle)
e - a javelin of penetration (quivered)
Press: ? - help, Shift-Dir - straight line, f - two-headed ogre
Aim: a two-headed ogre, wielding two giant clubs (almost dead)
You throw a javelin of penetration.
The javelin of penetration pierces through the two-headed ogre but does no damage.
The two-headed ogre is almost dead.
The two-headed ogre misses you.
The two-headed ogre hits you with a giant club!
You die...

........# #
.......(#.# ..
........#.#...#
........'......
.........# ..######.#
#.......# #......O#
#...)..@# +.......#
+#+#......##
..........#
..?.......#
..........#
..........#
........###
........##############
#.


You could see a two-headed ogre.

Vanquished Creatures
  Erica (D:8)
  Pikel (D:6)
  Psyche (D:8)
  Eustachio (D:4)
  4 yaks (D:8)
  A steam dragon (D:7)
  Purgy (D:4)
  An orc warrior (D:7)
  2 sky beasts
  2 ogres (D:7)
  A slave (D:6)
  A centaur (D:6)
  A crocodile (D:7)
  A bullfrog (D:5)
  8 killer bees (D:7)
  4 crimson imps
  A bullfrog zombie (D:5)
  A jelly (D:7)
  2 hounds (D:7)
  A bullfrog skeleton (D:7)
  4 orc wizards (D:5)
  Terence (D:3)
  2 iguanas
  4 worker ants
  2 hound skeletons (D:7)
  5 adders
  4 gnolls (D:5)
  2 worms
  3 dart slugs (D:1)
  3 leopard geckos
  24 orcs
  10 bats
  2 giant cockroaches
  2 goblins
  7 hobgoblins
  13 jackals
  15 kobolds
  3 quokkas
  A ball python (D:1)
  6 frilled lizards
  7 rats
156 creatures vanquished.

Vanquished Creatures (others)
  A crimson imp (D:6)
  2 orc wizards (D:5)
  A butterfly (D:6)
4 creatures vanquished.

Grand Total: 160 creatures vanquished

Notes
Turn   | Place    | Note
-------+----------+-------------------------------------------
     0 | D:1      | b5mith the Minotaur Berserker began the quest for the Orb.
     0 | D:1      | Reached XP level 1. HP: 19/19 MP: 0/0
   129 | D:1      | Reached XP level 2. HP: 22/27 MP: 1/1
   631 | D:1      | Reached XP level 3. HP: 29/33 MP: 2/2
   825 | D:1      | Reached ** piety under Trog
  1168 | D:2      | Found a faded altar of an unknown god.
  1425 | D:2      | Reached XP level 4. HP: 36/40 MP: 3/3
  1657 | D:2      | Found an opulent altar of Gozag.
  1658 | D:2      | Found a sparkling altar of Nemelex Xobeh.
  1813 | D:3      | Noticed Terence
  1820 | D:3      | Killed Terence
  1991 | D:3      | Reached *** piety under Trog
  2228 | D:3      | Found a white marble altar of Elyvilon.
  2228 | D:3      | Found a bloodstained altar of Trog.
  2229 | D:3      | Found a radiant altar of Vehumet.
  2258 | D:3      | Reached XP level 5. HP: 45/47 MP: 4/4
  2364 | D:3      | Reached skill level 1 in Maces & Flails
  2591 | D:3      | Found a hide-covered altar of Uskayaw.
  2762 | D:4      | Noticed Purgy
  2769 | D:4      | Killed Purgy
  2769 | D:4      | Reached skill level 5 in Fighting
  2769 | D:4      | Reached skill level 2 in Maces & Flails
  2769 | D:4      | Reached XP level 6. HP: 56/56 MP: 5/5
  2924 | D:4      | Found Casy's Magic Scroll Shop.
  2931 | D:4      | Noticed Eustachio
  2942 | D:4      | Killed Eustachio
  2942 | D:4      | Reached skill level 3 in Maces & Flails
  3418 | D:5      | Entered Level 5 of the Dungeon
  3594 | D:5      | Reached skill level 4 in Maces & Flails
  3594 | D:5      | Reached XP level 7. HP: 59/61 MP: 6/6
  3751 | D:5      | Reached skill level 5 in Armour
  3977 | D:5      | Got a pair of dazzling gloves
  3983 | D:5      | Identified the +1 pair of gloves of the Valley {rElec rN+ MR+ Int-2} (You found it on level 5 of the Dungeon)
  4015 | D:5      | Reached **** piety under Trog
  4015 | D:5      | Received a gift from Trog
  4021 | D:5      | Reached skill level 5 in Maces & Flails
  4048 | D:5      | Found a deep blue altar of Sif Muna.
  4436 | D:6      | Noticed Pikel
  4451 | D:6      | Killed Pikel
  4451 | D:6      | Reached skill level 6 in Maces & Flails
  4451 | D:6      | Reached skill level 5 in Dodging
  4451 | D:6      | Reached XP level 8. HP: 66/71 MP: 7/7
  4751 | D:6      | Found a blossoming altar of Fedhas.
  4859 | D:6      | Found a staircase to the Ecumenical Temple.
  5171 | D:7      | Reached skill level 7 in Maces & Flails
  5486 | D:7      | Reached skill level 8 in Maces & Flails
  5486 | D:7      | Reached XP level 9. HP: 55/79 MP: 8/8
  6135 | D:7      | Found a shimmering altar of Xom.
  6386 | D:8      | Reached skill level 9 in Maces & Flails
  6396 | D:8      | Noticed Psyche
  6402 | D:8      | Killed Psyche
  6445 | D:8      | Reached skill level 10 in Maces & Flails
  6622 | D:8      | Noticed Erica
  6634 | D:8      | Killed Erica
  6634 | D:8      | Reached XP level 10. HP: 52/90 MP: 9/9
  6805 | D:8      | Noticed Maurice
  6898 | D:8      | Noticed a two-headed ogre
  6915 | D:8      | Slain by a two-headed ogre

Vault maps used:
D:1:      lemuel_arrival_muddy, minivault_23
D:2:      grunt_temple_overflow_opulence, chequers_ecumenical_altar_grove,
          kennysheep_generic_room_4
D:3:      lemuel_crystal_altar, gammafunk_temple_overflow_forgotten,
          uniq_terence
D:4:      serial_shops, nicolae_shop_statue_plus, uniq_eustachio, uniq_purgy
D:5:      led_sif_book, first_ration
D:6:      minmay_temple_entry_butterflies, fedhas_altar_4, uniq_pikel
D:7:      kennysheep_mini, grunt_ogre_cave
D:8:      uniq_erica, uniq_psyche, uniq_maurice

Skill      XL: |  1  2  3  4  5  6  7  8  9 |
---------------+----------------------------+-----
Long Blades    | 4 |  4.6
Fighting       | 4 5 6 7 8 |  8.7
Armour         | 3 4 6 8 |  8.3
Dodging        | 3 4 5 6 7 |  7.5
Maces & Flails | 2 4 6 8 10 | 10.3

Action                   |  1- 3 |  4- 6 |  7- 9 | 10-12 || total
-------------------------+-------+-------+-------+-------++-------
Melee: Falchion          |    78 |    30 |       |       ||   108
       Headbutt          |    13 |    18 |    34 |     8 ||    73
       Flail             |       |    71 |   217 |    18 ||   306
Throw: Javelin           |       |     1 |     5 |     2 ||     8
       Tomahawk          |       |       |       |     1 ||     1
Invok: Berserk           |       |     1 |     2 |       ||     3
  Use: Scroll            |       |     4 |     2 |       ||     6
 Stab: Sleeping          |     1 |       |       |       ||     1
  Eat: Chunk             |     2 |     6 |    10 |       ||    18
       Ration            |       |       |     1 |       ||     1
Armor: Animal skin       |    22 |     7 |       |       ||    29
       Ring mail         |       |    18 |    50 |       ||    68
       Steam dragon scal |       |       |     6 |     7 ||    13
Dodge: Dodged            |    46 |    84 |   147 |     7 ||   284
       Rpst.: Falchion   |     8 |     9 |       |       ||    17

Table legend:
 A = Spawn XP
 B = Non-spawn XP
 C = Spawn XP percentage of total XP
 D = Spawn monster count
 E = Non-spawn monster count
 F = Spawn count percentage of total count
 G = Total turns spent on level
                    A         B        C        D         E        F      G
               +---------+---------+-------+---------+---------+-------+---------
         Total |       0 |    6040 |   0.0 |       0 |     156 |   0.0 |  6915
               +---------+---------+-------+---------+---------+-------+---------
           D:1 |       0 |      50 |   0.0 |       0 |      26 |   0.0 |   924
           D:2 |       0 |      69 |   0.0 |       0 |      28 |   0.0 |   816
           D:3 |       0 |     134 |   0.0 |       0 |      26 |   0.0 |   973
           D:4 |       0 |     386 |   0.0 |       0 |       9 |   0.0 |   705
           D:5 |       0 |     494 |   0.0 |       0 |      21 |   0.0 |   967
           D:6 |       0 |     855 |   0.0 |       0 |       8 |   0.0 |   780
           D:7 |       0 |    1687 |   0.0 |       0 |      31 |   0.0 |  1187
           D:8 |       0 |    2365 |   0.0 |       0 |       7 |   0.0 |   563
               +---------+---------+-------+---------+---------+-------+---------
